 Dungeon Crawl Stone Soup version 0.25-a0-447-gff83419037 (webtiles) character file.

Game seed: 7958335542779977124, levelgen mode: deterministic

1055 ICC the Cutter (level 8, -5/40 HPs)
             Began as a Vine Stalker Gladiator on Jan 31, 2020.
             Was a Follower of Wu Jian.
             Slain by a centaur
             ... wielding a +0 whip
              (8 damage)
             ... on level 6 of the Dungeon.
             The game lasted 00:29:26 (3607 turns).

ICC the Cutter (Vine Stalker Gladiator)             Turns: 3607, Time: 00:29:27

Health: -5/40      AC:  5    Str: 17    XL:     8   Next: 26%
Magic:  0/15       EV: 13    Int:  8    God:    Wu Jian [*.....]
Gold:   405        SH:  5    Dex: 18    Spells: 15/15 levels left

rFire    . . .     SeeInvis .   A - +2 dagger (chaos)
rCold    . . .     Gourm    .   C - +0 buckler (curse)
rNeg     . . .     Faith    .   b - +0 leather armour
rPois    .         Spirit   +   c - +0 helmet
rElec    .         Reflect  .   (no cloak)
rCorr    .         Harm     .   (no gloves)
MR       +....                  x - +0 pair of boots {Fly}
Stlth    ++........             (no amulet)
HPRegen  0.53/turn              n - ring of stealth
MPRegen  0.14/turn              (no ring)

@: flying
A: fangs 3, regeneration 1, magic shield, antimagic bite, no potion heal 3, rot
immunity
a: Renounce Religion, Stop Flying


You were on level 6 of the Dungeon.
You worshipped Wu Jian.
Wu Jian was aware of your devotion.
You were not hungry.

You visited 2 branches of the dungeon, and saw 8 of its levels.

You collected 405 gold pieces.

Inventory:

Hand Weapons
 a - a +0 rapier
 A - a +2 dagger of chaos (weapon)
 D - a +2 short sword of speed
Missiles
 d - a throwing net
 i - 253 stones
 r - 3 boomerangs (quivered)
Armour
 b - a +0 leather armour (worn)
 c - a +0 helmet (worn)
 k - a +3 chain mail
 x - a +0 pair of boots of flying (worn)
 C - a cursed +0 buckler (worn)
 E - a +0 pair of gloves
Jewellery
 n - a ring of stealth (left hand)
Wands
 u - a wand of enslavement (7)
 B - a wand of flame (11)
Scrolls
 e - 5 scrolls of identify {unknown}
 g - 6 scrolls of teleportation {unknown}
 h - 3 scrolls of enchant armour {unknown}
 j - 4 scrolls of blinking {unknown}
 m - 5 scrolls of remove curse {unknown}
 q - 3 scrolls of amnesia {unknown}
 t - 2 scrolls of immolation {unknown}
 w - 2 scrolls of fog {unknown}
 y - 2 scrolls of enchant weapon {unknown}
 G - a scroll of magic mapping {unknown}
Potions
 l - 2 potions of lignification {unknown}
 o - a potion of mutation {unknown}
 p - a potion of flight {unknown}
 s - a potion of agility {unknown}
 v - a potion of might {unknown}
 z - 2 potions of ambrosia {unknown}
 H - a potion of invisibility {unknown}
Comestibles
 f - 9 rations
 F - a chunk of flesh


   Skills:
 - Level 3.0 Fighting
 + Level 4.6 Short Blades
 - Level 2.0 Throwing
 + Level 2.8 Armour
 - Level 3.0 Dodging
 - Level 4.0 Shields
 + Level 4.3 Spellcasting


You had 15 spell levels left.
You didn't know any spells.
Your spell library contained the following spells:

 Spells                   Type           Power        Failure   Level  Hunger
 Summon Small Mammal      Summ           #...         32%         1    #......
 Call Imp                 Summ           #.......     45%         2    ###....
 Call Canine Familiar     Summ           #.......     69%         3    ###....
 Summon Guardian Golem    Hex/Summ       #.......     69%         3    ###....
 Summon Ice Beast         Ice/Summ       #.......     97%         4    #####..
 Summon Lightning Spire   Summ/Air       #.......     97%         4    #####..


Dungeon Overview and Level Annotations

Branches:
Dungeon (7/15)             Temple (1/1) D:4

Altars:
Ashenzari
Dithmenos
Hepliaklqana
Makhleb
Nemelex Xobeh
Okawaru
Qazlal
Ru
Sif Muna
Trog
Uskayaw
Vehumet
Wu Jian
Xom
Zin
The Shining One

Shops:
D:4 [


Innate Abilities, Weirdness & Mutations

You have razor-sharp teeth.
Your natural rate of healing is unusually fast.
When hurt, damage is shared between your health and your magic reserves.
Your bite disrupts and absorbs the magic of your enemies.
Potions cannot restore your health.
You are immune to rotting.


Message History

Search for what [Enter for "D:1", or ? for help]?
Okay, then.
Fire/throw which item? (* to show all) (? for menu, Esc to quit)
Throwing (i - inventory. (/) - cycle)
r - 3 boomerangs (quivered)
Press: ? - help, Shift-Dir - straight line You throw a throwing net.
Something hits you!
* * * LOW HITPOINT WARNING * * *
Something hits you.
* * * LOW HITPOINT WARNING * * *
Fire/throw which item? (* to show all) (? for menu, Esc to quit)
Throwing (i - inventory. (/) - cycle)
r - 3 boomerangs (quivered)
Press: ? - help, Shift-Dir - straight line You throw a throwing net.
Something gets caught in the net!
Something wriggles in the net. x2
You hit something. Lightning courses through something!! You bite something.
Something wriggles in the net.
All of a sudden the net rips apart!
Something hits you!
* * * LOW HITPOINT WARNING * * *
You closely miss something. You bite something. Something hits you!
You die...

###########
#>>.......######
#.####.........# #.#
#.......#.# #.#
#.##.##.#.# #.#
#.##†##.#(# ...
..##.....(## ...
...#####.#.@#
..####...$......{......
#..# #.......#..######.
#########..# #.. ...#
#.# ###.# #.# #.# ##.##
#.# #.###...####.#


There were no monsters in sight!

Vanquished Creatures
  A sky beast (D:4)
  An ice beast (D:6)
  2 centaurs (D:5)
  A howler monkey (D:6)
  2 crimson imps
  A bullfrog zombie (D:6)
  2 orc priests
  A hound (D:5)
  5 orc wizards
  5 worker ants
  13 adders
  An ooze (D:1)
  3 worms
  2 dart slugs (D:2)
  3 leopard geckos
  17 orcs
  2 ball pythons
  2 giant cockroaches
  4 goblins
  7 hobgoblins
  4 jackals (D:4)
  A quokka (D:2)
  13 bats
  6 frilled lizards
  A jackal skeleton (D:5)
  10 kobolds
  9 rats
119 creatures vanquished.

Notes
Turn   | Place    | Note
-------+----------+-------------------------------------------
     0 | D:1      | ICC the Vine Stalker Gladiator began the quest for the Orb.
     0 | D:1      | Reached XP level 1. HP: 11/11 MP: 2/2
   163 | D:1      | Reached XP level 2. HP: 14/15 MP: 3/3
   526 | D:2      | Reached XP level 3. HP: 8/18 MP: 5/5
   559 | D:2      | Reached skill level 1 in Spellcasting
   624 | D:2      | Found a stormy altar of Qazlal.
   804 | D:2      | Found a faded altar of an unknown god.
   863 | D:2      | Gained mutation: Your natural rate of healing is unusually
                  | fast. [Vine Stalker growth]
   863 | D:2      | Reached XP level 4. HP: 21/23 MP: 7/7
  1453 | D:3      | Reached XP level 5. HP: 28/28 MP: 9/9
  1878 | D:3      | Found a burning altar of Makhleb.
  1878 | D:3      | Found a shimmering altar of Xom.
  2065 | D:4      | Found a staircase to the Ecumenical Temple.
  2075 | Temple   | Entered the Ecumenical Temple
  2130 | Temple   | Became a worshipper of the Wu Jian Council
  2255 | D:4      | Reached skill level 1 in Armour
  2255 | D:4      | Reached XP level 6. HP: 30/32 MP: 9/11
  2498 | D:4      | Reached skill level 1 in Shields
  2644 | D:4      | Found an iron altar of Okawaru.
  2686 | D:4      | Found a radiant altar of Vehumet.
  2890 | D:4      | Found Lumpo's Antique Armour Shoppe.
  2987 | D:5      | Entered Level 5 of the Dungeon
  3018 | D:5      | Reached XP level 7. HP: 14/36 MP: 8/12
  3078 | D:5      | You are sucked into a shaft and drop 1 floor!
  3106 | D:6      | Found a sparkling altar of Nemelex Xobeh.
  3175 | D:4      | Reached * piety under Wu Jian
  3329 | D:4      | Gained mutation: You have razor-sharp teeth. [Vine Stalker
                  | growth]
  3329 | D:4      | Reached XP level 8. HP: 34/40 MP: 14/14
  3558 | D:5      | You are sucked into a shaft and drop 2 floors!
  3558 | D:7      | Found a shattered altar of Ashenzari.
  3606 | D:6      | HP: 2/40 [something (6)]
  3607 | D:6      | Slain by a centaur

Levels and vault maps discovered:
D:1:      sevenhm_arrival_forest_fort_large_4, layout_rooms
D:2:      layout_basic, grunt_qazlal_clouds, first_ration,
          chequers_ecumenical_altar_island, minmay_ruptured
D:3:      layout_loops_ring, grunt_temple_overflow_champion_of_chaos,
          skrybe_limestone_x
D:4:      layout_loops_corners, vehumet_altar_wand_db, old_standard_altar,
          temple_pool_b, serial_shops, nicolae_shop_trees
D:5:      layout_rooms
D:6:      layout_loops_ring, nemelex_xobeh_ov_fountains_minmay,
          fedhas_altar_fruit_tree, gammafunk_temple_overflow_wave, uniq_sigmund
D:7:      layout_loops_ring, cheibrodos_ashenzari_chains, minmay_misc_feat_chi,
          st_stairs_7, grunt_livestock, uniq_pikel, uniq_duvessa, uniq_harold
Temple:   compressed_dpeg_triangle_lava_temple

Skill      XL: |  1  2  3  4  5  6  7  8 |
---------------+-------------------------+-----
Fighting       | 2 3 |  3.0
Throwing       | 2 |  2.0
Short Blades   | 3 4 |  4.6
Spellcasting   | 1 2 3 4 |  4.3
Dodging        | 3 |  3.0
Armour         | 1 2 |  2.8
Shields        | 3 4 |  4.0

Action                   |  1- 3 |  4- 6 |  7- 9 || total
-------------------------+-------+-------+-------++-------
Melee: Rapier            |    81 |   111 |       ||   192
       Bite              |    18 |    51 |    38 ||   107
       Dagger            |       |    86 |   108 ||   194
Throw: Throwing net      |     1 |       |     2 ||     3
       Stone             |    17 |    41 |       ||    58
       Boomerang         |       |    11 |     4 ||    15
Invok: Lunge             |       |     2 |    10 ||    12
       Whirlwind         |       |       |     4 ||     4
Evoke: Wand              |       |       |     5 ||     5
 Stab: Sleeping          |     5 |     6 |     4 ||    15
  Eat: Chunk             |       |     7 |     2 ||     9
Armor: Leather armour    |    32 |    44 |    15 ||    91
Dodge: Dodged            |    41 |    98 |    33 ||   172
Block: Buckler           |       |    13 |    24 ||    37

Table legend:
 A = Non-vault XP
 B = Vault XP
 C = Vault XP percentage of total XP
 D = Non-vault monster count
 E = Vault monster count
 F = Vault count percentage of total count
                 A         B        C        D         E       F
            +---------+---------+-------+---------+---------+-------
      Total |    1441 |      67 |   4.4 |     114 |       5 |   4.2
            +---------+---------+-------+---------+---------+-------
        D:1 |      28 |       0 |   0.0 |      16 |       0 |   0.0
        D:2 |     103 |      16 |  13.4 |      25 |       3 |  10.7
        D:3 |      88 |      50 |  36.2 |      27 |       1 |   3.6
        D:4 |     442 |       1 |   0.2 |      24 |       1 |   4.0
        D:5 |     482 |       0 |   0.0 |      17 |       0 |   0.0
        D:6 |     233 |       0 |   0.0 |       3 |       0 |   0.0
        D:7 |      65 |       0 |   0.0 |       2 |       0 |   0.0
            +---------+---------+-------+---------+---------+-------
